Map: Romanticide LE

Players

HeroMarine - Winner!

  • Race: Terran Terran
  • League: Grandmaster
  • Spawn Location: 5:00

DnS

  • Race: Protoss Protoss
  • Spawn Location: 11:00

Event: DreamHack SC2 Masters 2020 Winter

VOD

Have the link to the VOD?

Description

Time

  • Played on: Oct. 28, 2020, 11:38 a.m.
  • Length: 15:52

All games in this series

Show
View Real Time Build Order
Export as new Build Order

HeroMarine Terran - Winner!

Build Orders:  

Get SALT Encoding   

  12  0:00  SCV  
  13  0:12  SCV  
  14  0:17  Supply Depot  
  14  0:24  SCV  
  15  0:38  SCV  
  15  0:39  Barracks  
  16  0:45  Refinery  
  16  0:50  SCV  
  16  0:55  Refinery  
  17  1:03  SCV  
  18  1:15  SCV  
  19  1:26  Reaper  
  19  1:27  Orbital Command  
  20  1:35  Supply Depot  
  20  1:50  Factory  
  20  1:53  SCV  
  21  1:58  Reaper  
  22  2:05  SCV  
  23  2:17  SCV  
  24  2:23  Command Center  
  24  2:29  SCV  
  25  2:37  Hellion  
  27  2:41  SCV  
  28  2:45  Supply Depot  
  28  2:50  Starport  
  28  2:53  Barracks Reactor, SCV  
  29  2:58  Factory Tech Lab  
  29  3:05  SCV  
  29  3:17  SCV, Cyclone  
  33  3:29  SCV  
  33  3:33  Starport Tech Lab  
  34  3:40  Command Center  
  34  3:42  SCV  
  35  3:50  Orbital Command  
  35  3:54  SCV  
  36  3:57  Raven  
  36  3:59  Marine  
  36  4:01  Marine  
  40  4:06  SCV  
  40  4:11  Cyclone  
  40  4:15  SCV  
  44  4:18  SCV, Marine  
  44  4:19  Marine  
  47  4:26  Supply Depot  
  47  4:28  SCV  
  47  4:30  SCV  
  49  4:36  Marine  
  49  4:37  Marine, Barracks  
  51  4:40  SCV  
  51  4:43  SCV  
  53  4:47  Siege Tank  
  53  4:52  SCV, Orbital Command  
  57  4:55  SCV  
  57  4:56  Marine  
  57  4:57  Marine  
  60  5:00  Barracks  
  60  5:04  SCV  
  61  5:07  SCV  
  62  5:14  Refinery, Marine x2  
  62  5:16  SCV  
  62  5:18  SCV  
  62  5:19  SCV  
  69  5:22  Siege Tank  
  69  5:28  SCV  
  69  5:30  SCV  
  69  5:31  SCV  
  69  5:33  Supply Depot, Engineering Bay  
  71  5:35  Engineering Bay  
  71  5:37  Stimpack  
  71  5:40  SCV, Supply Depot  
  71  5:41  Marine x2  
  74  5:43  Marine  
  74  5:45  SCV  
  74  5:46  Orbital Command  
  76  5:52  SCV  
  76  5:55  Starport Reactor  
  76  5:56  Refinery  
  77  5:57  SCV  
  77  6:00  Marine x2  
  77  6:02  Combat Shield, Factory Reactor  
  84  6:06  Terran Infantry Weapons Level 1  
  84  6:07  SCV  
  84  6:09  SCV  
  82  6:12  Terran Infantry Armor Level 1  
  82  6:13  Barracks  
  82  6:15  Barracks  
  82  6:17  Supply Depot  
  82  6:18  SCV  
  83  6:19  SCV  
  83  6:20  Missile Turret  
  83  6:24  SCV  
  85  6:30  SCV  
  85  6:31  SCV  
  87  6:35  Supply Depot x2, Marauder  
  87  6:37  SCV, Marauder  
  92  6:42  SCV, Medivac  
  92  6:44  Medivac  
  92  6:45  SCV  
  98  6:49  SCV  
  98  6:50  Marine x2  
  101  6:56  SCV  
  101  6:57  SCV, Marauder  
  101  6:58  Marauder  
  101  7:01  SCV, Supply Depot  
  108  7:05  Barracks Reactor, Widow Mine x2, Barracks Tech Lab  
  112  7:08  SCV, Refinery  
  112  7:09  SCV, Refinery  
  112  7:13  SCV, Supply Depot  
  112  7:14  Supply Depot  
  112  7:15  Medivac  
  117  7:22  SCV, Medivac  
  124  7:23  Marauder x2  
  124  7:29  SCV x2, Supply Depot x2  
  125  7:34  SCV  
  125  7:35  Marauder, Marine x2  
  129  7:37  Supply Depot  
  129  7:43  Concussive Shells  
  133  7:44  Marauder x2  
  133  7:46  Armory  
  133  7:48  Marine x2  
  132  7:52  Marine  
  132  7:53  Marine  
  132  7:56  Marauder  
  133  8:04  Medivac x2, Widow Mine x2  
  143  8:05  Marauder x2  
  143  8:06  Marine x2  
  143  8:17  Marine  
  143  8:18  Marauder, Marine  
  144  8:24  Marine x2  
  144  8:26  Command Center  
  149  8:27  Marauder x2  
  149  8:34  Medivac  
  151  8:35  Marine x2  
  151  8:37  SCV  
  151  8:38  SCV x2, Factory Tech Lab  
  151  8:39  Marauder  
  158  8:42  Marine x2  
  158  8:48  Marauder x2  
  158  8:50  Viking  
  158  8:53  Marine x2  
  149  8:58  Terran Infantry Weapons Level 2, Siege Tank  
  149  9:00  Marauder, Marine x2  
  154  9:04  Viking  
  154  9:09  Marauder, Marine  
  156  9:13  Marine x2  
  156  9:14  Terran Infantry Armor Level 2  
  156  9:15  Terran Ship Weapons Level 1  
  156  9:22  Marauder  
  160  9:27  Medivac, Marauder  
  160  9:31  Marauder  
  164  9:33  Bunker  
  164  9:36  Supply Depot  
  164  9:37  Supply Depot, Siege Tank, Medivac  
  169  9:38  Bunker  
  169  9:39  Marine x3  
  169  9:40  Marine  
  169  9:43  Marauder  
  175  9:48  SCV x2, Barracks  
  175  9:49  Barracks  
  175  9:50  Missile Turret  
  175  9:51  Starport  
  175  9:52  Barracks  
  175  9:54  SCV  
  175  9:55  Missile Turret  
  175  9:56  Sensor Tower  
  175  9:58  Ghost Academy  
  174  10:00  SCV x2, Marine x2  
  177  10:12  Marine x3  
  177  10:13  Siege Tank  
  174  10:20  Viking x2  
  178  10:23  Marine x3  
  178  10:24  Marine  
  182  10:34  Missile Turret  
  181  10:37  Ghost, Missile Turret  
  181  10:39  Barracks Reactor, Barracks Tech Lab x2  
  181  10:41  Ghost  
  181  10:42  Ghost, Command Center, Marine x2  
  189  10:53  Refinery  
  189  10:54  Refinery  
  189  10:57  Viking x2  
  186  11:05  Ghost  
  185  11:14  Ghost x2  
  185  11:15  Ghost  
  185  11:16  SCV x3  
  185  11:24  Medivac  
  187  11:26  Medivac  
  189  11:38  Ghost  
  189  11:39  Bunker  
  189  11:40  Viking  
  189  11:43  Marauder  
  189  11:47  Marauder, Marine x2  
  193  11:48  Marauder  
  193  11:53  Marine  
  200  12:01  Orbital Command  
  200  12:03  Planetary Fortress  
  200  12:05  Ghost  
  199  12:14  Command Center  
  198  12:16  Missile Turret  
  198  12:23  Refinery  
  198  12:26  Refinery, Sensor Tower  
  197  12:37  Supply Depot  
  197  12:38  Supply Depot  
  197  12:46  Ghost  
  199  12:58  Terran Infantry Weapons Level 3, Terran Infantry Armor Level 3  
  199  12:59  Terran Ship Weapons Level 2  
  197  13:09  Ghost x2  
  197  13:10  Marine  
  197  13:12  Ghost  
  190  13:20  Marauder  
  190  13:24  SCV x2  
  190  13:26  SCV, Ghost  
  157  13:36  Marine x2  
  157  13:38  Marauder x2  
  157  13:40  Ghost  
  157  13:41  Ghost  
  148  13:43  SCV x3  
  148  13:44  SCV  
  148  13:45  SCV  
  148  13:47  Marine  
  148  13:48  Marine x3  
  148  13:53  Marine  
  148  13:54  Ghost  
  148  13:55  SCV x2  
  152  13:56  SCV  
  152  13:57  SCV  
  152  13:58  Marine  
  152  13:59  Marine  
  152  14:00  Marine  
  158  14:04  SCV  
  158  14:07  SCV  
  158  14:09  SCV x2  
  161  14:12  Orbital Command  
  161  14:14  SCV  
  161  14:16  SCV  
  161  14:20  Ghost  
  163  14:24  Marauder  
  163  14:29  Marauder, Marine  
  163  14:30  Marine  
  163  14:40  Marauder  
  163  14:41  Ghost  
  163  14:44  Marine  
  163  14:45  Liberator x2  
  172  14:47  Ghost  
  172  14:52  Marauder, Marine  
  177  14:54  Marauder  
  179  15:01  Ghost, Marine x2  
  183  15:10  Marauder  
  185  15:14  Fusion Core  
  185  15:15  Missile Turret  
  185  15:21  Ghost x3  
  185  15:23  Marine  
Show
View Real Time Build Order
Export as new Build Order

DnS Protoss 

Build Orders: Oracle Opening 

Get SALT Encoding   

  12  0:00  Probe  
  13  0:12  Probe  
  14  0:17  Pylon  
  14  0:24  Probe (Chrono Boost)  
  15  0:36  Probe (Chrono Boost)  
  15  0:37  Gateway  
  16  0:44  Probe (Chrono Boost)  
  16  0:46  Assimilator  
  17  0:51  Probe  
  18  1:03  Probe  
  19  1:15  Probe  
  20  1:24  Cybernetics Core  
  20  1:30  Zealot  
  20  1:32  Pylon  
  22  1:33  Probe  
  23  1:50  Nexus  
  23  1:55  Probe  
  23  1:59  Adept (Chrono Boost)  
  25  2:08  Probe  
  25  2:12  Assimilator  
  26  2:20  Probe  
  27  2:24  Stargate  
  27  2:33  Probe  
  28  2:40  Pylon  
  28  2:42  Warp Gate  
  28  2:45  Probe  
  28  2:46  Adept (Chrono Boost)  
  31  2:58  Probe  
  32  3:09  Probe (Chrono Boost), Oracle (Chrono Boost)  
  34  3:19  Probe (Chrono Boost)  
  35  3:22  Probe (Chrono Boost)  
  35  3:26  Adept  
  38  3:28  Probe (Chrono Boost)  
  38  3:30  Probe (Chrono Boost)  
  40  3:36  Probe  
  40  3:39  Probe, Void Ray, Pylon  
  42  3:48  Probe  
  47  3:51  Probe  
  48  4:00  Probe  
  49  4:03  Probe  
  49  4:07  Nexus  
  50  4:12  Probe  
  50  4:13  Pylon  
  50  4:15  Probe  
  52  4:21  Gateway  
  52  4:23  Gateway  
  52  4:25  Void Ray (Chrono Boost)  
  52  4:26  Probe  
  52  4:27  Probe  
  54  4:33  Sentry  
  54  4:38  Probe  
  61  4:39  Probe  
  61  4:41  Pylon  
  62  4:47  Assimilator  
  62  4:49  Shield Battery, Assimilator  
  62  4:52  Probe x2  
  64  4:58  Stalker  
  66  5:04  Probe x2  
  68  5:11  Shield Battery  
  68  5:12  Twilight Council  
  68  5:13  Forge  
  68  5:16  Probe x2  
  68  5:17  Protoss Ground Weapons Level 1  
  68  5:18  Stalker  
  68  5:20  Probe  
  73  5:28  Probe  
  74  5:31  Sentry  
  74  5:32  Stalker  
  74  5:33  Probe x2  
  80  5:37  Pylon  
  80  5:40  Probe, Blink (Chrono Boost)  
  81  5:45  Probe x2  
  83  5:52  Probe  
  84  5:57  Probe x2  
  84  5:59  Gateway  
  84  6:00  Gateway  
  84  6:01  Gateway  
  86  6:04  Probe  
  86  6:05  Robotics Facility  
  86  6:08  Sentry  
  86  6:09  Probe  
  86  6:10  Probe  
  91  6:12  Gateway  
  91  6:16  Gateway  
  91  6:21  Probe x2  
  91  6:22  Assimilator  
  91  6:23  Assimilator  
  91  6:24  Pylon  
  93  6:28  Stalker, Sentry  
  93  6:29  Probe  
  98  6:34  Pylon  
  98  6:35  Pylon  
  98  6:36  Probe  
  99  6:44  Probe x2  
  99  6:46  Pylon  
  101  6:50  Pylon  
  101  6:55  Robotics Bay  
  101  6:57  Robotics Facility  
  98  7:02  Stalker  
  98  7:03  Stalker x4  
  108  7:09  Stalker x2  
  108  7:13  Pylon  
  112  7:17  Charge (Chrono Boost)  
  112  7:22  Stalker  
  112  7:23  Protoss Ground Armor Level 1 (Chrono Boost)  
  113  7:37  Pylon  
  113  7:38  Zealot  
  113  7:39  Pylon, Zealot x6  
  131  7:55  Colossus (Chrono Boost)  
  131  7:59  Colossus (Chrono Boost)  
  135  8:06  Zealot x7  
  147  8:13  Extended Thermal Lance  
  146  8:22  Probe x3  
  145  8:36  Zealot  
  145  8:37  Zealot x4  
  145  8:42  Zealot  
  145  8:43  Zealot x2  
  145  8:46  Colossus (Chrono Boost)  
  147  8:49  Colossus (Chrono Boost)  
  159  9:12  Pylon  
  159  9:14  Pylon  
  159  9:17  Assimilator  
  155  9:19  Templar Archives  
  155  9:21  Protoss Ground Weapons Level 2 (Chrono Boost)  
  155  9:23  Probe x2  
  157  9:26  Pylon  
  157  9:30  Probe  
  158  9:34  Warp Prism (Chrono Boost)  
  158  9:35  Probe x2  
  159  10:02  Observer  
  159  10:03  High Templar x5  
  159  10:04  High Templar  
  159  10:05  Stalker x2  
  176  10:09  Archon x3, Gateway  
  176  10:10  Gateway  
  176  10:12  Nexus  
  176  10:13  Gateway  
  178  10:17  Pylon  
  178  10:19  Gateway  
  178  10:20  Robotics Facility  
  176  10:22  Gravitic Drive  
  176  10:29  Stalker x2  
  180  10:39  Disruptor x2  
  186  10:45  Probe x3, Dark Shrine, Pylon  
  186  10:46  Pylon  
  189  11:01  Probe  
  189  11:02  Photon Cannon  
  189  11:03  Photon Cannon  
  188  11:07  Shield Battery  
  188  11:09  Probe x2, Pylon  
  188  11:15  Disruptor  
  183  11:29  Disruptor  
  183  11:30  Probe x2  
  183  11:31  Probe x2  
  190  11:33  Assimilator x2  
  190  11:44  Shadow Stride (Chrono Boost)  
  188  11:50  Disruptor  
  190  11:55  Protoss Ground Armor Level 2 (Chrono Boost)  
  186  12:08  Forge  
  186  12:12  Zealot x9  
  198  12:22  Photon Cannon  
  198  12:24  Shield Battery, Photon Cannon x2  
  198  12:25  Photon Cannon  
  198  12:26  Photon Cannon  
  198  12:34  Probe x4  
  200  12:38  Protoss Ground Weapons Level 3 (Chrono Boost)  
  200  12:40  Nexus  
  200  12:42  Pylon  
  200  12:49  Stargate  
  198  12:54  Fleet Beacon  
  198  13:03  Zealot  
  198  13:06  Zealot  
  198  13:10  Zealot x7, Dark Templar x2  
  198  13:11  Probe, Zealot  
  173  13:26  Probe x2  
  173  13:27  Probe x2  
  163  13:34  Zealot x9  
  159  13:43  Dark Templar  
  145  13:58  High Templar  
  145  13:59  High Templar x2  
  145  14:00  Zealot, High Templar x5  
  145  14:01  Zealot x2  
  155  14:03  Archon  
  155  14:04  Archon x2  
  155  14:05  Archon  
  133  14:34  Zealot, Dark Templar x2  
  133  14:35  Zealot x7  
  153  14:44  Stalker  
  151  15:01  High Templar x2  
  151  15:02  High Templar x4  
  151  15:05  Archon  
  151  15:06  Archon x2  
  161  15:09  Zealot x2  
  163  15:14  Zealot  
  136  15:38  Stalker x5  
Tags
 
Add a new tag
Caveats
  • Supply blocks, unpowered buildings, or Contaminate may cause inaccurate times.
  • Supply counts are checked every 10 seconds.